 Dungeon Crawl Stone Soup version 0.30.1-3-gfc49f6343a (webtiles) character file.

Game seed: 11521703210008369690

95 Martska the Trooper (level 4, -9/40 HPs)
             Began as a Minotaur Fighter on July 18, 2023.
             Was an Initiate of the Shining One.
             Mangled by a two-headed ogre
             ... wielding a +0 giant club
             ... created by the fury of Okawaru
              (26 damage)
             ... on level 3 of the Dungeon.
             The game lasted 00:02:49 (1770 turns).

Martska the Trooper (Minotaur Fighter)              Turns: 1770, Time: 00:02:49

Health: -9/40      AC: 10    Str: 23    XL:     4   Next: 40%
Magic:  3/3        EV: 10    Int:  5    God:    the Shining One [......]
Gold:   188        SH:  4    Dex:  9    Spells: 3/3 levels left

rFire   . . .        a - +0 war axe
rCold   . . .        c - +0 buckler
rNeg    . . .        b - +0 scale mail
rPois   .            (helmet restricted)
rElec   .            (no cloak)
rCorr   .            h - +2 pair of gloves
SInv    .            (no boots)
Will    .....        (no amulet) Stlth
                     (no ring)
HPRegen 0.26/turn    (no ring)
MPRegen 0.08/turn

%: no passive effects
@: mighty, glowing
A: horns 2, retaliatory headbutt
a: Renounce Religion


You were on level 3 of the Dungeon.
You worshipped the Shining One.
The Shining One was noncommittal.
You visited 1 branch of the dungeon, and saw 3 of its levels.

You collected 188 gold pieces.

Inventory:

Hand Weapons
 a - a +0 war axe (weapon)
Armour
 b - a +0 scale mail (worn)
 c - a +0 buckler (worn)
 h - a +2 pair of gloves (worn)
Jewellery
 f - a ring of fire
 k - a ring of magical power
Scrolls
 i - a scroll of magic mapping {unknown}
 m - 2 scrolls of identify {unknown}
Potions
 d - a potion of might
 e - a potion of mutation {unknown}
 g - 2 potions of brilliance {unknown}
 j - 2 potions of curing {unknown}
 l - a potion of flight {unknown}
 n - a potion of lignification {unknown}


   Skills:
 * Level 4.2 Fighting
 * Level 4.2 Axes
 + Level 4.1 Armour
 * Level 1.4 Dodging
 + Level 3.9 Shields


You had 3 spell levels left.
You didn't know any spells.
Your spell library contained the following spells:

 Spells                   Type           Power      Damage    Failure   Level
 Sublimation of Blood     Necr           0%         N/A       94%         2
 Wereblood                Tmut           0%         N/A       94%         2
 Summon Hydra             Summ           0%         N/A       100%        7


Dungeon Overview and Level Annotations

Branches:
Dungeon (3/15)

Altars:
Okawaru
The Shining One

Shops:
D:1 (


Innate Abilities, Weirdness & Mutations

You have a pair of horns on your head.
You reflexively headbutt those who attack you in melee.


Message History

A kobold comes into view. It is wielding a +0 club.
The kobold shouts!
A kobold is nearby!
A kobold is nearby!
Found a mace.
You completely miss the kobold.
You headbutt the kobold, but do no damage.
The kobold hits you but does no damage.
You miss the kobold. Your headbutt misses the kobold.
The kobold barely misses you.
A kobold is nearby!
You closely miss the kobold. You block the kobold's attack.
The kobold barely misses you.
You hit the kobold but do no damage. The kobold hits you with a +0 club.
You closely miss the kobold. The kobold closely misses you.
You furiously retaliate!
You headbutt the kobold!
You kill the kobold!
No target in view!
You see here a +0 club.
Found a ring mail.
You open the door.
There is an open door here.
m - 2 scrolls labelled RYFEKE QAK (gained 1)
Found a stone staircase leading down.
n - a fuming cyan potion No target in view!
Okawaru sends forces against you!
A two-headed ogre comes into view.
It is wielding a +0 giant club and a +0 giant spiked club.
A two-headed ogre is nearby!
You feel very mighty all of a sudden.
You barely miss the two-headed ogre. You headbutt the two-headed ogre.
The two-headed ogre is lightly wounded.
You block the two-headed ogre's attack.
The two-headed ogre hits you with a +0 giant spiked club!!
Ouch! That really hurt!
You slash the two-headed ogre!
The two-headed ogre is moderately wounded.
The two-headed ogre hits you with a +0 giant club!!
Ouch! That really hurt!
You die...

######### ###
#O....... ..# #@#
#.# #.# #.# #.#
#.#
#.#############.#
#.#.............#
#.#.###########.#
#.#.# #....# #.#.#
#....#
#.#.########....##


You could see a two-headed ogre.

Vanquished Creatures
  2 ogres (D:3)
  3 adders
  A worm (D:2)
  A dart slug (D:1)
  7 bats
  3 endoplasms
  2 giant cockroaches
  7 goblins
  12 hobgoblins
  4 jackals (D:1)
  2 quokkas (D:1)
  3 ball pythons
  3 frilled lizards
  A kobold (D:3)
  8 rats
59 creatures vanquished.

Notes
Turn   | Place    | Note
-------+----------+-------------------------------------------
     0 | D:1      | Martska the Minotaur Fighter began the quest for the Orb.
     0 | D:1      | Reached XP level 1. HP: 19/19 MP: 0/0
    35 | D:1      | Reached XP level 2. HP: 21/27 MP: 1/1
   306 | D:1      | Found Vyack's Antique Weapon Shop.
   363 | D:1      | Reached XP level 3. HP: 32/33 MP: 2/2
   801 | D:2      | Reached skill level 1 in Dodging
   947 | D:2      | Reached XP level 4. HP: 38/40 MP: 3/3
  1019 | D:2      | Found a faded altar of an unknown god.
  1212 | D:2      | Found an iron altar of Okawaru.
  1264 | D:2      | Became a worshipper of Warmaster Okawaru
  1314 | D:3      | Found a glowing golden altar of the Shining One.
  1340 | D:3      | Fell from the grace of Okawaru
  1340 | D:3      | Became a worshipper of the Shining One
  1416 | D:3      | Noticed an ogre
  1419 | D:3      | HP: 2/40 [ogre/+0 giant spiked club[the fury of Okawaru]
                  | (16)]
  1420 | D:3      | Killed an ogre
  1651 | D:3      | Noticed an ogre
  1651 | D:3      | Killed an ogre
  1768 | D:3      | Noticed a two-headed ogre
  1770 | D:3      | Mangled by a two-headed ogre

Illustrated notes

Levels and vault maps discovered:
D:1:      psy_arrival_wood_between_worlds, layout_basic, serial_shops,
          nicolae_shop_advertising_works [nicolae_subvault_shop_adworks],
          serial_bayou_pond_b
D:2:      layout_rooms, shapermc_ecumenical_altar_petra, basic_altar,
          minmay_stone_trees_small, minivault_5, minmay_tetromino_l2
D:3:      layout_basic, amcnicky_altar_gilded, minmay_misc_feat_encased,
          minmay_goblin_kobold_house

Skill      XL: |  1  2  3 |
---------------+----------+-----
Fighting       | 4 |  4.2
Axes           | 3 4 |  4.2
Armour         | 4 |  4.1
Dodging        | 1 |  1.4
Shields        | |  3.9

Action                     |  1- 3 |  4- 6 || total
---------------------------+-------+-------++-------
  Melee: War axe           |    76 |    38 ||   114
         Headbutt          |     8 |     8 ||    16
    Use: Potion            |       |     1 ||     1
 Armour: Scale mail        |    38 |    16 ||    54
  Dodge: Dodged            |    36 |    16 ||    52
  Block: Buckler           |    15 |     4 ||    19
